Cogmind - Beta 14 @@@ ROGUE MODE // 2024.09.04 @ 15:21:51 Player: lsend Result: Destroyed by S-10 Pest with Light Assault Rifle Performance ------------- Evolutions (1) 500 Regions Visited (2) 400 Robots Destroyed (0) 0 Value Destroyed (0) 0 Prototype IDs (0) 0 Alien Tech Used (0) 0 Bonus (200) 200 TOTAL SCORE: 1100 Bonus ------- Pacifist 200 Cogmind --------- Core Integrity 0/400 Matter 278/300 Energy 99/100 System Corruption 0% Temperature Cool (0) Movement Core (50) Location -9/Materials Parts ------- > --- POWER (1) -------- (None) > --- PROPULSION (3) --- (None) > --- UTILITY (3) ------ Signal Interpreter > --- WEAPON (2) ------- (None) > --- INVENTORY (5) ---- VTOL Module Small Storage Unit Peak State ------------ > --- POWER ------------ (None) > --- PROPULSION ------- Light Treads Light Treads > --- UTILITY ---------- (None) > --- WEAPON ----------- (None) > --- INVENTORY -------- Small Storage Unit [Rating: 2] Favorites ----------- Power None Propulsion Light Treads Treads Light Treads Utility Signal Interpreter Processor Signal Interpreter Protection Light Armor Plating Weapon None Build | -11 -10 -9 ------- Run | Yrd Mat Mat Slots Evolved 2 | . . 2 Power . | . . . Propulsion 1 | . . 1 Utility 1 | . . 1 Weapon . | . . . Parts Attached 4 | 2 . 2 Power . | . . . Engine . | . . . Core . | . . . Reactor . | . . . Propulsion 2 | 2 . . Treads 2 | 2 . . Leg . | . . . Wheel . | . . . Hover . | . . . Flight . | . . . Utility 2 | . . 2 Device . | . . . Storage . | . . . Processor 1 | . . 1 Hackware . | . . . Protection 1 | . . 1 Artifact . | . . . Weapon . | . . . Energy Gun . | . . . Energy Cannon . | . . . Ballistic Gun . | . . . Ballistic Cannon . | . . . Launcher . | . . . Special Weapon . | . . . Impact Weapon . | . . . Slashing Weapon . | . . . Piercing Weapon . | . . . Special Melee Weapon . | . . . Unidentified Prototypes . | . . . Parts Lost 3 | . . 3 Power . | . . . Propulsion 2 | . . 2 Utility 1 | . . 1 Weapon . | . . . Highest Loss Streak 2 | . . 2 To Critical Strikes . | . . . Average Slot Usage (%) 22 | . 28 18 Treads 18 | . 28 10 Processor 2 | . . 4 Protection 1 | . . 3 Peak Build Rating 2 | 2 2 2 Average Rating 1 | 1 2 1 On Entrance 1 | . 2 2 Naked Turns 21 | . . 21 Heaviest Build 3 | . . 3 Greatest Support 3 | 3 3 3 Greatest Overweight (x) . | . . . Average Overweight (x) . | . . . Largest Inventory Capacity 5 | 5 5 5 Average Capacity 5 | 5 5 5 Most Carried 3 | 1 2 3 Average Carried 2 | . 1 2 Final Capacity 5 | 5 5 5 Final Carried 2 | 1 2 2 Class Distribution -------------------- 100% | Mutant Dominant Class ---------------- Mutant | -10/Materials Mutant | -9/Materials Resources | -11 -10 -9 ----------- Run | Yrd Mat Mat Matter Collected 172 | 172 . . Remotely . | . . . Salvage Created . | . . . Parts . | . . . Haulers Intercepted . | . . . Recyclers Shooed . | . . . Parts Field Recycled . | . . . Retrieved Matter . | . . . Parts Self-Destructed . | . . . Prevented . | . . . Kills | -11 -10 -9 ------- Run | Yrd Mat Mat Combat Hostiles Destroyed . | . . . Classes Destroyed . | . . . Best Kill Streak . | . . . Combat Bots Only . | . . . Max Kills in Single Turn . | . . . Gunslinging . | . . . Exploded . | . . . Melee . | . . . Uniques/NPCs Destroyed . | . . . Combat | -11 -10 -9 -------- Run | Yrd Mat Mat Hostile Shots Fired 159 | . 13 146 Missed 73 | . 6 67 Damage Taken 803 | . 56 747 Core 420 | . 19 401 Absorbed by Shields . | . . . Core Remaining (%) 96 | 100 92 . Volleys Fired . | . . . Largest . | . . . Hottest . | . . . Shots Fired . | . . . Gun . | . . . Cannon . | . . . Launcher . | . . . Special . | . . . Kinetic . | . . . Thermal . | . . . Explosive . | . . . Electromagnetic . | . . . Robot Hit Streak . | . . . Robot Miss Streak . | . . . Penetration Max . | . . . Secondary Targets . | . . . Shots Hit Robots . | . . . Core Hits 1 | . . 1 Critical Kills . | . . . Critical Parts Destroyed . | . . . Critical Strikes . | . . . Melee Attacks . | . . . Impact . | . . . Slashing . | . . . Piercing . | . . . Sneak Attacks . | . . . Combat Hostiles . | . . . Follow-up Attacks . | . . . Damage Inflicted 44 | . 3 41 Guns . | . . . Cannons . | . . . Explosions . | . . . Melee . | . . . Ramming 44 | . 3 41 Kinetic . | . . . Thermal . | . . . Explosive . | . . . Electromagnetic . | . . . Impact . | . . . Slashing . | . . . Piercing . | . . . Highest Corruption . | . . . Average Corruption . | . . . Corruption Purged . | . . . Corruption Blocked . | . . . Overload Shots . | . . . Overflow Damage . | . . . Projectiles . | . . . Explosions . | . . . Melee . | . . . Knockbacks . | . . . Impact . | . . . Kinetic . | . . . Secondary . | . . . Self-Inflicted Damage 29 | . 1 28 Shots . | . . . Rammed 9 | . 1 8 Targets Rammed 9 | . 1 8 Kicked . | . . . Crushed . | . . . Highest Temperature . | . . . Average Temperature . | . . . Received Heat Transfer 69 | . . 69 Siege Activations . | . . . Robots Corrupted . | . . . Combat Hostiles . | . . . Parts Fried . | . . . Impact Corruptions . | . . . Robots Melted . | . . . Combat Hostiles . | . . . Parts Melted . | . . . Heat Transferred . | . . . Parts Sabotaged . | . . . Parts Stolen . | . . . Parts Stripped . | . . . Power Chain Reactions . | . . . Alert | -11 -10 -9 ------- Run | Yrd Mat Mat Peak Influence 508 | . 63 508 Initial 26 | . . 26 Average 138 | . 28 240 Maximum Alert Level 2 | . . 2 Low Security (%) 75 | 100 100 52 Level 1 7 | . . 13 Level 2 17 | . . 33 Level 3 . | . . . Level 4 . | . . . Level 5 . | . . . High Security . | . . . Max Security . | . . . Squads Dispatched 2 | . 1 1 Investigation . | . . . Extermination . | . . . Reinforcement 2 | . 1 1 Assault . | . . . Garrison . | . . . Intercept . | . . . Searches Triggered . | . . . Construction Impeded . | . . . Haulers Reinforced . | . . . Active Scanning Responses . | . . . Cargo Convoy Interrupts . | . . . Stealth | -11 -10 -9 --------- Run | Yrd Mat Mat Distress Signals 2 | . 1 1 Communications Jammed . | . . . Distress Signals . | . . . Times Spotted 44 | . 8 36 Peak Tracking Total 17 | . 5 17 Tactical Retreats 7 | . 1 6 Traps | -11 -10 -9 ------- Run | Yrd Mat Mat Traps Triggered . | . . . Indirectly . | . . . Trap Hack Attempts . | . . . Triggered . | . . . Disarmed . | . . . Reprogrammed . | . . . Reused . | . . . Traps Extracted . | . . . Installed . | . . . Triggered . | . . . Machines | -11 -10 -9 ---------- Run | Yrd Mat Mat Machines Disabled . | . . . Max in Single Turn . | . . . Machines Repaired . | . . . Machines Dismantled . | . . . Machines Sabotaged . | . . . Overloaded Fab Kills . | . . . Hacking | -11 -10 -9 --------- Run | Yrd Mat Mat Machines Accessed 9 | . 4 5 Terminals 8 | . 3 5 Fabricators . | . . . Repair Stations . | . . . Recycling Units 1 | . 1 . Scanalyzers . | . . . Garrison Access . | . . . Total Hacks 16 | . 9 7 Successful 6 | . 5 1 Failed 10 | . 4 6 Catastrophic 2 | . 1 1 Database Lockouts . | . . . Manual 8 | . 3 5 Terminals 13 | . 6 7 Fabricators . | . . . Repair Stations . | . . . Recycling Units 3 | . 3 . Scanalyzers . | . . . Garrison Access . | . . . Terminal Hacks 5 | . 4 1 Robot Analysis 1 | . 1 . Branch Access Points 2 | . 1 1 Locate Traps 1 | . 1 . Zone Layout 1 | . 1 . Fabricator Hacks . | . . . Repair Station Hacks . | . . . Recycling Unit Hacks 1 | . 1 . Retrieve Components 1 | . 1 . Scanalyzer . | . . . Garrison Access Hacks . | . . . Unauthorized Hacks . | . . . Terminals . | . . . Fabricators . | . . . Repair Stations . | . . . Recycling Units . | . . . Scanalyzers . | . . . Garrison Access . | . . . Data Cores Recovered . | . . . Used . | . . . Hacking Detections 7 | . 3 4 Full Trace Events . | . . . Feedback Events . | . . . Feedback Blocked . | . . . Robot Schematics Acquired . | . . . Robots Built . | . . . Authchips . | . . . Time . | . . . Total Robot Build Rating . | . . . Part Schematics Acquired . | . . . Parts Built . | . . . Authchips . | . . . Time . | . . . Total Part Build Rating . | . . . Parts Repaired . | . . . Time . | . . . Parts Recycled . | . . . Recycled Matter . | . . . Retrieved Matter . | . . . Retrieved Components 2 | . 2 . Parts Scanalyzed . | . . . Part Schematics Acquired . | . . . Parts Damaged . | . . . Bothacking | -11 -10 -9 ------------ Run | Yrd Mat Mat Used RIF Installer . | . . . Robots Hacked . | . . . Non-combat . | . . . Combat . | . . . Robot Hacks Applied . | . . . Relay Couplers Released . | . . . Fabnet Peak Effective % . | . . . Robots Rewired . | . . . Allies Hacked . | . . . Hacks Repelled . | . . . Allies | -11 -10 -9 -------- Run | Yrd Mat Mat Total Allies . | . . . Largest Group . | . . . Highest-Rated Group . | . . . Highest-Rated Ally . | . . . Total Orders . | . . . Ally Attacks . | . . . Total Damage . | . . . Kills . | . . . Allies Corrupted . | . . . Allies Melted . | . . . Intel | -11 -10 -9 ------- Run | Yrd Mat Mat Robot Analysis Total 1 | . 1 . Derelict Logs Recovered . | . . . Drone Launches . | . . . Drone Recoveries . | . . . Exploration | -11 -10 -9 ------------- Run | Yrd Mat Mat Turns Passed 489 | 17 216 256 Spaces Moved 720 | 27 207 486 Core 720 | 27 207 486 Treads . | . . . Legs . | . . . Wheels . | . . . Hover . | . . . Flight . | . . . Fastest Speed 50 | 50 50 50 Average Speed 50 | 50 50 50 Slowest Speed 50 | 50 50 50 Overloaded Moves . | . . . Propulsion Burnouts . | . . . Robots Hopped . | . . . Cave-ins Triggered . | . . . Exploration Rate (%) 32 | 3 42 53 Regions Visited 2 Branch Regions . Pre-discovered Areas . | . . . Known Exits Taken . | . . . Unknown Exits Taken 2 | 1 1 . Scrap Searched . | . . . Spaces Dug . | . . . Terrain Destroyed . | . . . Melee . | . . . Projectile . | . . . AOE . | . . . Terrain Rammed 1 | . . 1 Walls Destroyed . | . . . Machines Disabled . | . . . Actions | -11 -10 -9 --------- Run | Yrd Mat Mat Total 845 | 29 318 498 Wait 110 | . 110 . Move 718 | 26 206 486 Hop . | . . . Pick Up 3 | 1 1 1 Fast Attach 3 | 2 . 1 Attach 1 | . . 1 Detach . | . . . Swap . | . . . Drop . | . . . Fire . | . . . Melee . | . . . Ram 10 | . 1 9 Kick . | . . . Crush . | . . . Escape Stasis . | . . . Rewire . | . . . Trap . | . . . Miscellaneous . | . . . Route ------- -11/Scrapyard -10/Materials (discovered 3 exits: *Mat / Min x2) -9/Materials (discovered 3 exits: *Mat / Min / Sto) History --------- Turn | Location | Event 7 | -11/Scrapyard | Discovered new exit (range 15) 18 | -11/Scrapyard | Entered Materials 61 | -10/Materials | Identified exit to Mines 61 | -10/Materials | Discovered new exit (range 16) 234 | -10/Materials | Entered another Materials area 234 | -9/Materials | Evolved 2 slots: Propulsion x1, Utility x1 315 | -9/Materials | Build established: Mutant 383 | -9/Materials | Core integrity fell below 50% 409 | -9/Materials | Discovered new exit (range 16) 423 | -9/Materials | Identified exit to Materials 440 | -9/Materials | Identified exit to Mines 440 | -9/Materials | Identified exit to Storage 463 | -9/Materials | Core integrity fell below 20% 490 | -9/Materials | Destroyed by S-10 Pest with Light Assault Rifle Last Messages --------------- 00423_ EXIT=IDENTIFIED: MATERIALS 00427_ K-01 Serf collects debris. 00440_ Connecting with Terminal... >>Access(Branch) Found 2 branch access points: (50,49) Mines (64,6) Storage Map updated. 00462_ Slammed into Wall. 00462_ Destabilizing: Core damaged (-12). 00462_ Destabilizing: Core damaged (-16). 00470_ K-01 Serf cleans the Fusion Modulator. 00473_ K-01 Serf collects debris. 00473_ K-01 Serf cleans the Fusion Modulator. 00478_ Slammed into S-10 Pest. 00480_ Destabilizing: System interference. 00480_ Signal Interpreter temporarily disabled. 00481_ Slammed into S-10 Pest. 00484_ Lgt. Armor Plating destroyed. 00484_ Slammed into R-06 Scavenger. Map ----- +----------------------------------------------------+ | ?????????????????????????????# #???? | | ?????????????????????????????# """ #???? | | ?????????????????????????????# """ #???? | | ????????????????????????######+# """ #???? | | ????????????????????????# # #???? | | ????????????????????????# ]# #???? | | ????????????????????????# #^ """ #???? | | ????????????????????????# """ # """ #???? | | ????????????????????????# """ + """ #???? | | ????????????????????????# """ # #???? | | #???????????????????????######## #???? | | ????????????????????????# ## #???? | | ????????????????????????# ## ##??? | | #???????????????????? # / #??? | | #???????????????????# # "#### #??? | | #???????????????????# # T#??##+###### #??? | | #??????????????????## # "#???# ???# #??? | | ?????????????????? # # #???# """?# #??? | | ?????????????????? =# ########### """ # #??? | | ?????????????????? # # ##! """ # #??? | | ?????????????????? # # ## """ # #??? | | #???????????????? # # ## # #??? | | #???????????????? # # ######### ##?? | | #################+### % # ######## #?? | | # r s /s ss s #?? | | #@ s ########] #?? | | " ^ # k r #??????#####?? | | " ###########/#/### + #????????????? | | " #?????# # ###########???????????? | | #?????# # #?? ##??????????? | | #?????# # #? ""??????????? | | " #?????# # #? T"??????????? | | " #?######+######## # = ""??????????? | | " #?# # # #???????????? | | #?# """"" / + #???????????? | | #?# """"""""" # # #???????????? | | #?# """ """ # # #???????????? | | #####?# ! # #?#########???????????? | | ??????# # #?????????????????????? | | ??????####"T"######## #?????????????????????? | | ?????????#"""#??????# #?????????????????????? | | ?????????##?#???????+ +?????????????????????? | | ????????????????????# #?????????????????????? | | ????????????????????# #?????????????????????? | | ????????????????????# #?????????????????????? | | ????????????????????# #?????????????????????? | | ????????????????????# #?????????????????????? | | ????????????????????# #?????????????????????? | | ????????????????????# #?????????????????????? | | ????????????????????? #?????????????????????? | +----------------------------------------------------+ Best States ------------- Heat Dissipation 28 Energy Generation 5 Energy Capacity 100 Matter Stores 278 Matter Capacity 300 Sight Range 16 Terrain Scan Density 10 Armor Coverage 150 Evasion (%) 50 Item Schematics ----------------- None Robot Schematics ------------------ None Fabricated ------------ Nothing Alien Tech Used ----------------- None Achievements -------------- None Challenges ------------ None Game ------ Seed ArmoredShadeShearcannon Manual? 0 Play Time 00:12:20 Cumulative 687.8 hours Start 2024.09.04 @ 15:14:24 End 2024.09.04 @ 15:21:51 Sessions 1 Manual Loads 0 Difficulty Rogue Special Mode None Game No. 535 Rogue 535 Adventurer 0 Explorer 0 Win Type - Total 179 Types 100/9/51/7/3/2/5/1/1 Lore% 82 Gallery% 87 Achievement% 85 Wizard Run 0 Options --------- Layout 0 ASCII 1 Keyboard 0 Movement Vi Keybinds 0 Fullscreen 1 Font 16/Smallcaps Map View 184x79 Zoom Use 0% Tactical HUD 1 Map Filters NONE Filters NONE Steam 1 RUN: de22fccb-89bf-4718-99b5-e7db16a5ef93